AoeStats
← Your_Dad

Lombardia

509192463Analyzed
3v3 RM · 7d ago on Sep 25, 2026· 65m 38s· 6 players
Game mode
Random Map
Map size
Normal (6 player)
Population
200
Speed
Normal
Resources
Standard
Victory
Conquest
Starting age
Dark Age
Ending age
Imperial Age
RankedLock teamsTeams togetherTeam positionsShared explorationLock speedFull tech treeHidden civsTurbo modeCheats
Victory
Defeat
🇹🇷 Malians · Türkiye
1059
+13
🇨🇱 Ethiopians · Chile
1056
+13
🇺🇸 Celts · United States
931
+18
🇲🇽 Mongols · Mexico
1007
-16
🇦🇹 Franks · Austria
998
-15
🇺🇸 Varangians · United States
941
-13
Inquisidor
0:28 Loom
10:13 Feudal Age
16:55 Castle Age
15:26 Double-Bit Axe
24:14 Stone Mining
24:16 Gold Mining
25:07 Wheelbarrow
26:22 Horse Collar
26:55 Bow Saw
27:23 Fletching
27:55 Heavy Plow
29:27 Padded Archer Armor
29:50 Ballistics
30:27 Bodkin Arrow
31:47 Bloodlines
34:51 Imperial Age
34:44 Leather Archer Armor
35:00 Hand Cart
36:43 Thumb Ring
35:59 Heavy Cavalry Archer
38:14 Chemistry
38:07 Parthian Tactics
39:50 Hoardings
41:10 Bracer
41:13 Husbandry
54:18 Caravan
55:55 Conscription
Your_Dad
11:00 Feudal Age
9:43 Loom
11:58 Double-Bit Axe
13:00 Wheelbarrow
12:53 Horse Collar
17:54 Castle Age
17:13 Scale Barding Armor
19:39 Bow Saw
19:40 Gold Mining
20:31 Forging
20:31 Heavy Plow
22:00 Chain Barding Armor
24:13 Husbandry
24:25 Bloodlines
26:49 Iron Casting
26:23 Stone Mining
27:42 Fletching
29:04 Hand Cart
29:24 Caravan
33:09 Imperial Age
30:55 Bodkin Arrow
31:23 Town Watch
35:01 Conscription
36:14 Onager
37:20 Elite Jarl
38:59 Plate Barding Armor
newworldorder
11:58 Feudal Age
11:33 Loom
17:17 Castle Age
15:44 Double-Bit Axe
29:35 Wheelbarrow
29:34 Scale Barding Armor
29:42 Forging
30:47 Bow Saw
33:12 Imperial Age
30:30 Town Watch
31:36 Ordonnance Companies
32:43 Chain Barding Armor
33:02 Iron Casting
33:29 Gold Mining
34:39 Conscription
34:24 Husbandry
34:11 Cavalier
35:20 Cranequins
36:53 Plate Barding Armor
36:11 Fletching
38:10 Heavy Mounted Crossbowman
39:18 Hand Cart
39:05 Caravan
40:11 Padded Archer Armor
42:08 Paladin
44:47 Bodkin Arrow
46:13 Leather Archer Armor
50:10 Pikeman
52:34 Light Cavalry
53:41 Scale Mail Armor
53:50 Treadmill Crane
55:14 Chain Mail Armor
55:21 Elite Throwing Axeman
58:17 Capped Ram
61:24 Fortified Wall
61:27 Masonry
martinjohn
11:17 Feudal Age
11:47 Double-Bit Axe
13:16 Wheelbarrow
19:43 Castle Age
19:50 Castle Age
20:50 Hand Cart
21:35 Bow Saw
23:34 Pikeman
24:25 Forging
24:15 Scale Mail Armor
27:08 Loom
28:40 Iron Casting
28:52 Horse Collar
29:46 Heavy Plow
30:55 Gold Mining
32:20 Gold Shaft Mining
34:36 Imperial Age
33:07 Chain Mail Armor
32:25 Man-at-Arms
32:52 Gambesons
33:33 Long Swordsman
35:01 Two-Handed Swordsman
37:26 Blast Furnace
37:08 Plate Mail Armor
36:53 Champion
41:18 Halberdier
42:06 Scale Barding Armor
41:56 Fletching
43:37 Bodkin Arrow
43:45 Heavy Mounted Crossbowman
46:08 Padded Archer Armor
46:15 Scale Barding Armor
47:48 Leather Archer Armor
60:46 Light Cavalry
61:30 Husbandry
61:33 Capped Ram
62:56 Ring Archer Armor
62:46 Chain Barding Armor
62:06 Hussar
62:44 Siege Ram
65:17 Heavy Scorpion
GABO
3:10 Loom
11:03 Feudal Age
12:02 Double-Bit Axe
12:39 Horse Collar
16:39 Castle Age
15:33 Town Watch
17:45 Bow Saw
17:42 Heavy Plow
18:19 Wheelbarrow
18:59 Fervor
23:22 Scale Barding Armor
23:27 Forging
23:59 Husbandry
24:41 Gold Mining
26:51 Stone Mining
27:23 Forging
27:34 Chain Barding Armor
28:49 Iron Casting
28:26 Squires
31:25 Imperial Age
30:41 Hand Cart
30:27 Town Patrol
30:58 Fortified Wall
31:08 Ballistics
32:23 Stone Shaft Mining
32:23 Gold Shaft Mining
32:30 Gold Shaft Mining
31:48 Fletching
31:59 Padded Archer Armor
32:31 Royal Heirs
32:53 Conscription
33:22 Heavy Camel Rider
33:35 Elite Skirmisher
39:25 Conscription
39:31 Leather Archer Armor
39:11 Bodkin Arrow
40:39 Caravan
44:03 Chemistry
43:10 Siege Engineers
49:25 Ring Archer Armor
48:57 Bracer
49:57 Blast Furnace
49:32 Ring Archer Armor
49:02 Bracer
49:27 Light Cavalry
51:32 Two-Man Saw
50:02 Hussar
Viglaf
5:29 Loom
13:21 Feudal Age
18:48 Castle Age
16:35 Double-Bit Axe
16:33 Horse Collar
17:24 Gold Mining
18:23 Stone Mining
20:01 Bow Saw
19:53 Heavy Plow
21:43 Gold Shaft Mining
22:40 Stone Shaft Mining
22:58 Wheelbarrow
22:48 Fletching
23:43 Town Watch
25:07 Hand Cart
26:27 Bodkin Arrow
28:56 Treadmill Crane
32:13 Imperial Age
30:21 Bloodlines
30:11 Husbandry
30:47 Ballistics
30:38 Masonry
30:01 Pikeman
30:42 Squires
30:28 Arson
30:54 Scale Barding Armor
30:59 Forging
31:24 Forging
31:18 Tigui
31:35 Scale Mail Armor
33:02 Iron Casting
33:40 Chain Mail Armor
34:02 Conscription
34:35 Chain Barding Armor
35:50 Hoardings
37:08 Chemistry
36:25 Heavy Camel Rider
39:32 Caravan
40:03 Coinage
41:36 Plate Barding Armor
41:05 Farimba
44:29 Plate Mail Armor
45:20 Architecture
44:48 Murder Holes
46:00 Banking
49:24 Crop Rotation
49:09 Fortified Wall
48:32 Cavalier
51:59 Light Cavalry
52:03 Man-at-Arms
57:56 Long Swordsman
59:40 Two-Handed Swordsman
61:29 Guilds
60:49 Champion
61:19 Onager
62:43 Siege Onager
Connection lost

Rejoining the realm…

Still unreachable

The connection could not be restored.

Session expired

The server has moved on; the page needs a fresh start.